 Dungeon Sprint DCSS version 0.28.0-43-g3370ac3207 (webtiles) character file.

Game seed: 7020153072834706424

107 boopmooplesden the Covered (level 4, -2/45 HPs)
             Began as a Minotaur Fighter on Mar 27, 2022.
             Slain by a fire elemental (10 damage)
             ... summoned by a deep elf pyromancer
             ... in the Dungeon (Sprint III: "The Ten Rune Challenge").
             The game lasted 00:01:17 (743 turns).

boopmooplesden the Covered (Minotaur Fighter)        Turns: 743, Time: 00:01:17

Health: -2/45      AC:  7    Str: 22    XL:     4   Next: 57%
Magic:  3/3        EV:  9    Int:  5    God:
Gold:   19         SH:  5    Dex: 10    Spells: 3/3 levels left

rFire   . . .      SeeInvis .   a - +0 long sword
rCold   . . .      Faith    .   c - +0 buckler
rNeg    . . .      Spirit   .   b - +0 scale mail
rPois   .          Reflect  .   (helmet restricted)
rElec   .          Harm     .   (no cloak)
rCorr   .          Rampage  .   (no gloves)
Will    .....      NoTele   +   (no boots)
Stlth   ..........              (no amulet)
HPRegen 0.15/turn               (no ring)
MPRegen 0.08/turn               (no ring)

@: no status effects
A: horns 2, retaliatory headbutt
a: no special abilities


You were in the Dungeon.
You visited 1 branch You collected 19 gold pieces.

Inventory:

Hand Weapons
 a - a +0 long sword (weapon)
Armour
 b - a +0 scale mail (worn)
 c - a +0 buckler (worn)
Scrolls
 j - a scroll of blinking
 k - a scroll of identify
 l - 2 scrolls of immolation
Potions
 d - 3 potions of mutation {unknown}
 e - a potion of curing
 f - a potion of heal wounds
 h - 2 potions of magic
 i - a potion of berserk rage
 m - 4 potions of flight


   Skills:
 + Level 6.6 Fighting
 + Level 4.8 Long Blades
 + Level 7.0 Armour
 + Level 0.6 Dodging
 + Level 6.8 Shields


You had 3 spell levels left.
You didn't know any spells.
Your spell library was empty.

Dungeon Overview and Level Annotations

Branches:
Dungeon (1/1)

Altars:
Elyvilon
Zin
The Shining One


Innate Abilities, Weirdness & Mutations

You have a pair of horns on your head.
You reflexively headbutt those who attack you in melee.


Message History

As you open the door, it creaks loudly!
You hear a shout!
Found a glowing silver altar of Zin.
A deep elf pyromancer comes into view.
It is wielding a +3 long sword of holy wrath.
Found two altars.
The deep elf pyromancer shouts!
There is an open door here.
You closely miss the deep elf pyromancer.
You block the deep elf pyromancer's attack.
You closely miss the deep elf pyromancer.
The deep elf pyromancer mumbles some strange words.
The deep elf pyromancer hits you with a +3 long sword of holy wrath.
You slash the deep elf pyromancer!
Your headbutt misses the deep elf pyromancer.
The deep elf pyromancer is moderately wounded.
The deep elf pyromancer hits you but does no damage.
You slash the deep elf pyromancer!
The deep elf pyromancer is heavily wounded.
The fire elemental hits you. The fire elemental burns you!
The deep elf pyromancer hits you but does no damage.
The fire elemental barely misses you.
You slash the deep elf pyromancer!
The deep elf pyromancer is heavily wounded.
The fire elemental hits you. The fire elemental burns you!
The deep elf pyromancer hits you with a +3 long sword of holy wrath.
You slash the deep elf pyromancer!
The deep elf pyromancer is almost dead.
The fire elemental hits you. The fire elemental burns you!
* * * LOW HITPOINT WARNING * * *
The deep elf pyromancer drinks a potion.
The deep elf pyromancer is healed!
The fire elemental hits you. The fire elemental burns you!
* * * LOW HITPOINT WARNING * * *
You feel much better.
The deep elf pyromancer hits you but does no damage.
The fire elemental hits you. The fire elemental burns you!
* * * LOW HITPOINT WARNING * * *
You barely miss the deep elf pyromancer.
The deep elf pyromancer is heavily wounded.
The fire elemental hits you. The fire elemental burns you!
You die...

▓▓▓▓▓▓▓ ▓▓▓ .'....♣
♣.##### .#....♣♣♣ ♣.#___#
##......♣ ♣♣.#.eE#
.#....≈♣♣♣♣..###@#+###+##
.#...≈≈♣♣.♣..#..........#
.#..≈≈≈≈♣..♣.'.⌠........#
'#..≈≈≈≈≈≈.♣.#...######+#
.#.≈≈≈≈≈≈....#.⌠.#
.#.≈≈≈≈≈.....#...#
.#.≈≈≈.......#+###
##...........#
.............#


You could see a deep elf pyromancer and a fire elemental (summoned).

Vanquished Creatures
  A water elemental (D)
  Jessica (D)
  A human (D)
  A phantom (D)
  3 rats (D)
7 creatures vanquished.

Notes
Turn   | Place    | Note
-------+----------+-------------------------------------------
     0 | D        | boopmooplesden the Minotaur Fighter began the quest for the
                  | Orb.
     0 | D        | Reached XP level 1. HP: 19/19 MP: 0/0
    11 | D        | Reached skill level 4 in Armour
    15 | D        | Noticed Jessica
    19 | D        | Killed Jessica
    20 | D        | Reached skill level 5 in Fighting
    20 | D        | Reached skill level 5 in Armour
    20 | D        | Reached skill level 5 in Shields
    20 | D        | Reached XP level 2. HP: 25/29 MP: 1/1
    55 | D        | Reached XP level 3. HP: 12/37 MP: 2/2
   488 | D        | Noticed a water elemental
   492 | D        | Killed a water elemental
   493 | D        | Reached skill level 7 in Armour
   493 | D        | Reached XP level 4. HP: 11/45 MP: 3/3
   734 | D        | Found a glowing silver altar of Zin.
   735 | D        | Found a glowing golden altar of the Shining One.
   735 | D        | Found a white marble altar of Elyvilon.
   735 | D        | Noticed a deep elf pyromancer
   738 | D        | Noticed a fire elemental
   743 | D        | Slain by a fire elemental

Illustrated notes

Levels and vault maps discovered:
D:        dungeon_sprint_mu [sprint_mu_entry_forest, sprint_mu_temple_rooms,
          sprint_mu_d1_horrors, sprint_mu_d2_genie, sprint_mu_d3_branching,
          sprint_mu_orc_legion, sprint_mu_elf_gauntlet, sprint_mu_hive_nellie,
          sprint_mu_lair_fedhas, sprint_mu_vaults_butterflies,
          sprint_mu_slime_circle, sprint_mu_swamp_cave, sprint_mu_snake_twists,
          sprint_mu_blade_basic, sprint_mu_crypt_fortress,
          sprint_mu_tomb_spiral, sprint_mu_vestibule_basic,
          sprint_mu_gehenna_hellfire, sprint_mu_dis_giant,
          sprint_mu_tartarus_statrot, sprint_mu_cocytus_islands, sprint_mu_zot1]

Skill      XL: |  1  2  3 |
---------------+----------+-----
Armour         | 5 7 |  7.0
Shields        | 5 6 |  6.8
Fighting       | 5 6 |  6.6
Long Blades    | 3 4 |  4.8
Dodging        | |  0.6

Action                   |  1- 3 |  4- 6 || total
-------------------------+-------+-------++-------
Melee: Long sword        |    21 |     7 ||    28
       Headbutt          |     1 |       ||     1
  Use: Potion            |     2 |     1 ||     3
       Scroll            |     2 |       ||     2
Armor: Scale mail        |     6 |     9 ||    15
Dodge: Dodged            |     8 |     1 ||     9
Block: Buckler           |     4 |     1 ||     5
